 Dungeon Crawl Stone Soup version 0.28.0 (webtiles) character file.

Game seed: 9491601898404465238

7 DemonSlayer the Magician (level 1, 0/10 HPs)
             Began as a Deep Elf Hedge Wizard on Feb 7, 2022.
             Succumbed to an adder's poison
             ... on level 2 of the Dungeon.
             The game lasted 00:00:32 (235 turns).

DemonSlayer the Magician (Deep Elf Hedge Wizard)     Turns: 235, Time: 00:00:33

Health: 0/10       AC:  2    Str:  7    XL:     1   Next: 83%
Magic:  3/8        EV: 12    Int: 18    God:
Gold:   0          SH:  0    Dex: 14    Spells: 9/10 levels left

rFire   . . .      SeeInvis .   a - +0 dagger
rCold   . . .      Faith    .   (no shield)
rNeg    . . .      Spirit   .   b - +0 robe
rPois   .          Reflect  .   c - +0 hat
rElec   .          Harm     .   (no cloak)
rCorr   .          Rampage  .   (no gloves)
Will    .....                   (no boots)
Stlth   ++........              (no amulet)
HPRegen 0.03/turn               (no ring)
MPRegen 0.11/turn               (no ring)

@: lethally poisoned (0 -> -1)
A: no striking features
a: no special abilities


You were on level 2 of the Dungeon.
You visited 1 branch of the dungeon, and saw 2 of its levels.

Inventory:

Hand Weapons
 a - a +0 dagger (weapon)
Armour
 b - a +0 robe (worn)
 c - a +0 hat (worn)


   Skills:
 + Level 2.4 Dodging
 + Level 2.4 Stealth
 + Level 5.0 Spellcasting
 + Level 1.1 Conjurations
 + Level 1.1 Summonings
 + Level 1.1 Translocations


You had 9 spell levels left.
You knew the following spells:

 Your Spells              Type           Power      Damage    Failure   Level
a - Magic Dart            Conj           32%        1d4       9%          1

Your spell library contained the following spells:

 Spells                   Type           Power      Damage    Failure   Level
 Slow                     Hex            16%        N/A       13%         1
 Blink                    Tloc           16%        N/A       13%         2
 Call Imp                 Summ           8%         N/A       13%         2
 Conjure Flame            Conj/Fire      6%         6-21      32%         3
 Mephitic Cloud           Conj/Pois/Air  5%         N/A       34%         3


Dungeon Overview and Level Annotations

Branches:
Dungeon (1/15)

Altars:


Message History

The magic dart hits the adder but does no damage.
The adder hisses angrily.
The magic dart hits the adder.
The adder is lightly wounded.
The adder closely misses you.
The magic dart hits the adder.
The adder is moderately wounded.
The adder misses you. The adder bites you but does no damage.
The magic dart hits the adder.
The adder is heavily wounded.
The adder barely misses you.
The magic dart hits the adder but does no damage.
The adder is heavily wounded.
The adder bites you.
The magic dart hits the adder but does no damage.
The adder is heavily wounded.
The adder misses you. The adder bites you.
You are too injured to fight recklessly!
You are too injured to fight recklessly!
You barely miss the adder.
The adder is heavily wounded.
The adder bites you.
* * * LOW HITPOINT WARNING * * *
You are lethally poisoned!
The adder poisons you!
You hit the adder but do no damage.
The adder is heavily wounded.
* * * LOW HITPOINT WARNING * * *
You feel sick. The adder barely misses you.
You miss the adder.
The adder is heavily wounded.
* * * LOW HITPOINT WARNING * * *
You feel sick. The adder barely misses you. x2
You closely miss the adder.
The adder is heavily wounded.
* * * LOW HITPOINT WARNING * * *
You feel sick. The adder closely misses you.
You completely miss the adder.
The adder is heavily wounded.
You die...

###############
#..............
#..##..)#....##
#.###.S.# ...#
#.###.@## ..#
#......# ...
#...[.## #.
#...### #.###
#.. #.. ...
#...


You could see an adder.

Vanquished Creatures
  A dart slug (D:2)
  A bat (D:2)
  A hobgoblin (D:1)
  A ball python (D:1)
  A kobold (D:2)
5 creatures vanquished.

Vanquished Creatures (others)
  3 demonic plants (D:2)
  4 fungi (D:2)
  3 plants
  2 withered plants (D:2)
12 creatures vanquished.

Grand Total: 17 creatures vanquished

Notes
Turn   | Place    | Note
-------+----------+-------------------------------------------
     0 | D:1      | DemonSlayer the Deep Elf Hedge Wizard began the quest for
                  | the Orb.
     0 | D:1      | Reached XP level 1. HP: 10/10 MP: 7/7
    87 | D:1      | You fall into a shaft and drop 1 floor!
   139 | D:2      | Reached skill level 5 in Spellcasting
   235 | D:2      | Succumbed to an adder's poison

Illustrated notes

Levels and vault maps discovered:
D:1:      denvon_arrival_planthouse, layout_loops_corners,
          hangedman_decor_slide_cut, minmay_ruptured
D:2:      minmay_recursive_quarters, layout_rooms, shapermc_ecumenical_altar_gd,
          minmay_misc_feat_alley

Skill      XL: |  1 |
---------------+----+-----
Spellcasting   | 5 |  5.0
Dodging        | |  2.4
Stealth        | |  2.4
Conjurations   | |  1.1
Summonings     | |  1.1
Translocations | |  1.1

Action                   || total
-------------------------++-------
Melee: Dagger            ||     5
 Cast: Magic Dart        ||    21
Armor: Robe              ||     5
Dodge: Dodged            ||     8
